 Dungeon Crawl Stone Soup version 0.23.2-40-g277498a (webtiles) character file.

Game seed: 1247648538817889780

140 Deathwalker the Covered (level 5, -1/38 HPs)
             Began as a Human Warper on Aug 16, 2019.
             Slain by a crimson imp (4 damage)
             ... summoned by Natasha
             ... on level 3 of the Dungeon.
             The game lasted 00:15:14 (3649 turns).

Deathwalker the Covered (Human Warper)              Turns: 3649, Time: 00:15:14

Health: -1/38      AC:  8    Str: 12    XL:     5   Next: 46%
Magic:  7/8        EV: 11    Int: 13    God:
Gold:   155        SH:  0    Dex: 13    Spells: 1/8 levels left

rFire    . . .     SeeInvis .   a - +0 falchion
rCold    . . .     Gourm    .   (no shield)
rNeg     . . .     Faith    .   o - +0 ring mail
rPois    .         Spirit   .   s - +0 helmet
rElec    .         Reflect  .   (no cloak)
rCorr    .         Harm     .   u - +0 pair of gloves
MR       .....                  (no boots)
Stlth    +.........             (no amulet)
HPRegen  0.12/turn              (no ring)
MPRegen  0.11/turn              (no ring)

@: slowed, very slow
A: no striking features
a: no special abilities


You were on level 3 of the Dungeon.
You were hungry.

You visited 1 branch of the dungeon, and saw 3 of its levels.

You collected 155 gold pieces.

Inventory:

Hand Weapons
 a - a +0 falchion (weapon)
 k - a +1 whip of venom
Missiles
 e - 5 tomahawks of dispersal (quivered)
Armour
 b - a +0 leather armour
 o - a +0 ring mail (worn)
 s - a +0 helmet (worn)
 u - a +0 pair of gloves (worn)
Jewellery
 q - an uncursed ring of poison resistance {unknown}
 t - a cursed -2 ring of intelligence {unknown}
Scrolls
 c - 2 scrolls of teleportation {unknown}
 d - a scroll of blinking
 g - a scroll of amnesia {unknown}
 l - a scroll of random uselessness {unknown}
 m - 2 scrolls of remove curse {unknown}
 n - a scroll of identify {unknown}
 p - a scroll of immolation {unknown}
Potions
 h - a potion of heal wounds {unknown}
 i - a potion of curing
 j - a potion of lignification {unknown}
 r - 2 potions of degeneration {unknown}
 v - a potion of invisibility {unknown}
Comestibles
 f - 3 rations


   Skills:
 - Level 2.2 Fighting
 - Level 2.0 Long Blades
 - Level 1.1 Throwing
 * Level 4.0 Armour
 - Level 3.0 Dodging
 - Level 2.0 Spellcasting
 - Level 3.0 Translocations


You had one spell level left.
You knew the following spells:

 Your Spells              Type           Power        Failure   Level  Hunger
a - Blink                 Tloc           N/A          24%         2    ###....
b - Shroud of Golubria    Chrm/Tloc      #.........   41%         2    ###....
c - Teleport Other        Tloc           #.......     43%         3    ####...

Your spell library contained the following spells:

 Spells                   Type           Power        Failure   Level  Hunger
 Gell's Gravitas          Tloc           #.........   43%         3    ####...
 Lesser Beckoning         Tloc           #.........   43%         3    ####...
 Passage of Golubria      Tloc           N/A          83%         4    #####..


Dungeon Overview and Level Annotations

Branches:
Dungeon (3/15)

Altars:
Ashenzari

Annotations:
D:3 Natasha


Message History

Your ring mail prevents you from hitting Natasha.
Natasha is almost dead.
The white imp gestures at you. The puff of frost misses you.
Natasha claws you but does no damage. The white imp gestures at you.
The puff of frost misses you. The crimson imp barely misses you.
You riposte.
You hit the crimson imp.
The crimson imp is lightly wounded.
You hit Natasha but do no damage.
Natasha is almost dead.
Your shroud unravels.
Natasha claws you!
* * * LOW HITPOINT WARNING * * *
The white imp gestures at you. The puff of frost misses you.
The white imp hits you.
* * * LOW HITPOINT WARNING * * *
The white imp freezes you.
* * * LOW HITPOINT WARNING * * *
The crimson imp hits you.
You die...

.... ..# ?....
..### ....?
....###
...!.###.......
......#........
....#..........
#.............
#...5.......
##..@5......
#..h5......
#..........
#..........
#..........
#..........
...........
............


You could see Natasha, a crimson imp and 2 white imps.

Vanquished Creatures
  Terence (D:2)
  3 gnolls (D:2)
  3 adders (D:2)
  An ooze (D:1)
  2 worms (D:2)
  2 dart slugs
  2 leopard geckos
  3 giant cockroaches
  6 goblins
  4 hobgoblins
  7 kobolds
  4 bats
  5 frilled lizards
  8 rats
51 creatures vanquished.

Notes
Turn   | Place    | Note
-------+----------+-------------------------------------------
     0 | D:1      | Deathwalker the Human Warper began the quest for the Orb.
     0 | D:1      | Reached XP level 1. HP: 16/16 MP: 3/3
   141 | D:1      | Reached XP level 2. HP: 8/22 MP: 5/5
   963 | D:1      | Reached XP level 3. HP: 20/27 MP: 6/6
  1356 | D:2      | Reached skill level 2 in Armour
  1598 | D:2      | Learned a level 2 spell: Blink
  1601 | D:2      | Learned a level 2 spell: Shroud of Golubria
  1638 | D:2      | Found a shattered altar of Ashenzari.
  2205 | D:2      | Reached XP level 4. HP: 9/33 MP: 3/7
  2224 | D:2      | HP: 1/33 [poisoned by an adder]
  2498 | D:2      | Learned a level 3 spell: Teleport Other
  2648 | D:2      | Reached skill level 3 in Armour
  2706 | D:2      | Reached XP level 5. HP: 17/38 MP: 5/8
  3232 | D:2      | Noticed Terence
  3282 | D:2      | Killed Terence
  3498 | D:2      | Reached skill level 4 in Armour
  3635 | D:3      | Noticed Natasha
  3649 | D:3      | Slain by a crimson imp

Skill      XL: |  1  2  3  4  5 |
---------------+----------------+-----
Armour         | 2 3 4 |  4.0
Dodging        | 3 |  3.0
Fighting       | |  2.2
Long Blades    | |  2.0
Throwing       | |  1.1
Spellcasting   | |  2.0
Translocations | |  3.0

Action                   |  1- 3 |  4- 6 || total
-------------------------+-------+-------++-------
Melee: Falchion          |   144 |   121 ||   265
 Cast: Shroud of Golubri |     2 |     3 ||     5
       Blink             |       |     1 ||     1
  Use: Potion            |       |     1 ||     1
  Eat: Chunk             |     2 |     4 ||     6
       Ration            |     1 |       ||     1
Armor: Leather armour    |    19 |       ||    19
       Ring mail         |    25 |    40 ||    65
Dodge: Dodged            |    95 |    77 ||   172
       Rpst.: Falchion   |    31 |    20 ||    51
